Nobbs, neutral male human Tourist --------- |.......| -------------------------------- ##-.......| |..............................| # |....<..| ------ --------------..-----..######## --.------ .|..+..-.....| ( ## .|.....|...|.. ` --.|--|......|.| |..|%%|.-----|.| -- -- .. |%%|.|....|.| - --..{. -G-|..|.-.._.|.| |...........@d-|--.|....|.| -- -- -- --d.)@..|....|.| |--)--------|.| |....| .| |....| |. ------ -.| .| --- Nobbs the Sightseer Experience level: 5 Strength: 11 Dexterity: 12 Constitution: 13 Intelligence: 12 Wisdom: 13 Charisma: 15 Health: 0(35) Energy: 22(22) Def: 2 Gold: 792 Moves: 3623 Dungeon seed: esinDnD8TX3NQJir Game ID: Nobbs_1510414864 Your Inventory: Coins $ - 792 gold pieces Wands y - a wand of make invisible (0:6) F - a wand of fire (0:5) Weapons o - 2 +0 darts (in quiver) q - 2 +0 orcish daggers (wielded) w - 6 +0 daggers Armor e - a blessed +0 Hawaiian shirt (being worn) n - a blessed +0 cloak of displacement (being worn) N - an uncursed +0 orcish helm (being worn) Comestibles b - an uncursed tripe ration c - 3 uncursed pancakes d - 5 uncursed food rations f - an uncursed tin of newt meat g - an uncursed slime mold v - 3 uncursed lichen corpses z - a cursed tin of fox meat Potions Q - an uncursed potion of sleeping Rings p - an uncursed ring of conflict K - a cursed -1 ring of increase damage Tools l - an expensive camera (0:39) m - an uncursed credit card H - a cursed tallow candle (0:200) M - an uncursed sack Contents of the sack: 2 uncursed scrolls of blank paper an uncursed scroll of create monster an uncursed scroll of light 5 uncursed scrolls of magic mapping an uncursed scroll of scare monster an uncursed spellbook of cure sickness an uncursed spellbook of light an uncursed potion of confusion a blessed potion of extra healing an uncursed potion of extra healing an uncursed potion of monster detection an uncursed potion of object detection an uncursed potion of see invisible an uncursed potion of water Spells and supernatural/magical abilities: Name Level Category Fail Memory W - pray for help -- divine ? -- Your skills at the end: Fighting Skills Weapon Skills dart [Basic] Spellcasting Skills Final Attributes: You were piously aligned. You were telepathic. You were displaced. You are dead. Vanquished creatures: a gnome king a rock piercer 3 gnome lords a gnomish wizard a gray ooze a paper golem 2 giant ants a little dog 2 floating eyes a kitten 6 dwarves 2 hill orcs 3 monkeys an orc zombie 2 dwarf zombies a gas spore 5 hobbits a hobgoblin a giant rat 3 yellow molds 26 gnomes a gnome zombie 2 geckos 3 jackals 2 foxes 4 goblins 2 sewer rats 10 grid bugs 2 bats 6 lichens a kobold zombie 6 newts 104 creatures vanquished. Voluntary challenges: You used a wielded weapon 4 times, starting on turn 3468. You read items or engraved 273 times, starting on turn 932. You never genocided any monsters. You never polymorphed an object. You never changed form. You used no wishes. You never split a pudding. You wrote Elbereth's name 259 times, starting on turn 933. You never violated your personal moral code. Dungeon overview: The Dungeons of Doom: levels 1 to 5 Level 1 an altar to The Lady, some fountains a long staircase Level 2 a fountain Level 3 stairs to The Gnomish Mines Level 4 Level 5 The Gnomish Mines: levels 4 to 7 Level 4 stairs to The Dungeons of Doom Level 5 Level 6 Level 7 <- You were here a delicatessen, a temple to Offler, a fountain History has recorded: On T:1 you entered the Dungeons of Doom to retrieve the Amulet of Yendor! On T:355 you reached level 2 of The Dungeons of Doom. On T:356 you advanced to experience level 2. On T:554 you reached level 3 of The Dungeons of Doom. On T:920 you reached level 4 of The Dungeons of Doom. On T:988 you advanced to experience level 3. On T:1128 you reached level 1 of The Gnomish Mines. On T:1582 you reached level 5 of The Dungeons of Doom. On T:1596 you advanced to experience level 4. On T:2909 you reached level 2 of The Gnomish Mines. On T:2986 you advanced to experience level 5. On T:3049 you reached level 3 of The Gnomish Mines. On T:3149 you reached level 4 of The Gnomish Mines. Score breakdown: Gold: 774 ( 9828 points) Experience: 5 levels (11141 points) Exploration: 7 levels ( 14.89%) (10834 points) Discoveries: 3 items ( 1.01%) ( 3010 points) Valuables value: (no points given unless you survive) Artifact value: 0 ( 0 points) Variety of kills: 32 monsters ( 8.40%) ( 8694 points) Turncount: 3623 turns ( -878 points) Survival: died (score multiplied by 80%) Total score: 34103 Latest messages: You add to the writing in the dust with your fingers. Fuffy picks up 20 arrows. You add to the writing in the dust with your fingers. Fuffy drops 20 arrows. You add to the writing in the dust with your fingers. (2x) You write in the dust with your fingers. You add to the writing in the dust with your fingers. (3x) The gnome king strikes at your displaced image and misses you! You add to the writing in the dust with your fingers. (2x) The gnome king turns to flee! You add to the writing in the dust with your fingers. (3x) The large dog drops 7 candles. You see here 7 candles. You write in the dust with your fingers. The gnome king thrusts his dagger. The gnome king hits! The gnome king thrusts his dagger. The gnome king hits! You add to the writing in the dust with your fingers. (2x) The gnome king thrusts his dagger. The gnome king hits! You die... Final status: Aloha Nobbs the Tourist, killed by a gnome king... You died in The Gnomish Mines on dungeon level 7 with 34103 points, and 792 pieces of gold, after 3623 moves. You were level 5 with a maximum of 35 hit points when you died.